 Dungeon Crawl Stone Soup version 0.24.0-123-gd5b16e6ec5 (webtiles) character file.

Game seed: 7885331152920828478, levelgen mode: deterministic

1440654 Nausea the Slayer (level 27, 288/288 HPs)
             Began as a Naga Wanderer on Jan 25, 2020.
             Was the Champion of Ru.
             Escaped with the Orb
             ... and 3 runes on Jan 26, 2020!
             The game lasted 08:29:51 (99856 turns).

Nausea the Slayer (Naga Wanderer)                  Turns: 99856, Time: 08:29:51

Health: 288/288    AC: 29    Str: 25    XL:     27
Magic:  34/36      EV: 12    Int: 33    God:    Ru [******]
Gold:   1215       SH: 30    Dex: 12    Spells: 2/52 levels left

rFire    . . .     SeeInvis +   b - staff of conjuration {!a}
rCold    . . .     Gourm    .   q - +5 large shield
rNeg     . . .     Faith    .   V - +2 robe {Archmagi}
rPois    +         Spirit   .   S - +2 helmet {Int+3}
rElec    .         Reflect  .   L - scarf {repulsion}
rCorr    .         Harm     .   D - +2 pair of gloves {Str+3}
MR       +++..                  N - +4 naga barding {Fly}
Stlth    ..........             X - amulet "Moir Pue" {Acrobat Str+6}
HPRegen  0.58/turn              i - +5 ring of intelligence
MPRegen  0.25/turn              m - ring of protection from magic

@: flying, repel missiles, very slow
A: large, large bone plates 1, thin skeletal structure 1, see invisible,
deformed body, deterioration 1, low mp 1, poison resistance, slowness 2, slow
metabolism 1, spit poison 1, no stealth, inability to use devices, hated by all,
magic vulnerability 1, unskilled 1, constrict 1, AC +9
0: Orb of Zot
}: 3/15 runes: decaying, serpentine, slimy
a: Spit Poison, Draw Out Power, Power Leap, Apocalypse, Renounce Religion


You escaped.
You worshipped Ru.
Ru was exalted by your worship.
You were hungry.

You visited 11 branches of the dungeon, and saw 54 of its levels.
You visited 1 bazaar.
You also visited: Gauntlet.

You collected 6767 gold pieces.
You spent 5552 gold pieces at shops.

Inventory:

Hand Weapons
 a - a +6 vampiric demon whip
Missiles
 F - 11 curare-tipped darts
 Z - 12 throwing nets (quivered) {!f}
Armour
 c - a +0 cloak of magic resistance
 q - a +5 large shield (worn)
 D - a +2 pair of gloves of strength (worn)
 L - a scarf of repulsion (worn)
 N - a +4 naga barding of flying (worn)
 S - a +2 helmet of intelligence (worn)
 V - a +2 robe of the Archmagi (worn)
Magical Staves
 b - an uncursed staff of conjuration (weapon) {!a}
 O - an uncursed staff of fire {!a}
 T - an uncursed staff of air {!a}
 Y - an uncursed staff of cold {!a}
Jewellery
 i - a +5 ring of intelligence (left hand)
 m - a ring of protection from magic (right hand)
 n - the ring "Dicw" {+Inv rF++ rN+ Str-5 Stlth+}
   (You bought it in a shop on level 3 of the Snake Pit)

   [ring of positive energy]

   It affects your strength (-5).
   It greatly protects you from fire.
   It protects you from negative energy.
   It lets you turn invisible.
   It makes you more stealthy.
 K - the ring "Lelystruf" {MP+9 Dex+4}
   (You found it on level 15 of the Dungeon)

   [ring of magical power]

   It affects your dexterity (+4).
   It affects your magic capacity (+9).
 X - the amulet "Moir Pue" (around neck) {Acrobat Str+6}
   (You found it on level 4 of the Lair of Beasts)

   [amulet of the acrobat]

   It helps you evade while moving and waiting.
   It affects your strength (+6).
Scrolls
 e - 5 scrolls of fog
 l - 2 scrolls of noise
 o - 4 scrolls of immolation
 p - 14 scrolls of teleportation {@r3}
 r - 3 scrolls of amnesia
 s - a scroll of fear
 t - a scroll of holy word
 B - 8 scrolls of blinking {!r@r4}
 E - 2 scrolls of vulnerability
 R - 16 scrolls of identify {@r1}
 W - 11 scrolls of remove curse {@r2}
Potions
 d - 3 potions of ambrosia
 f - 2 potions of brilliance
 h - 9 potions of heal wounds {@q2}
 j - 8 potions of mutation
 k - 2 potions of agility {@q5}
 v - a potion of invisibility
 x - 2 potions of might {@q4}
 y - 6 potions of cancellation
 A - 2 potions of magic
 H - 6 potions of haste {@q3}
 I - 3 potions of resistance {@q6}
 Q - 13 potions of curing {@q1}
 U - a potion of lignification
Comestibles
 z - 17 rations


   Skills:
 * Level 24.4 Fighting
 - Level 12.0 Maces & Flails
 - Level 9.2 Armour
 - Level 9.2 Dodging
 - Level 15.0 Shields
 - Level 13.0 Spellcasting
 - Level 20.0 Conjurations
 - Level 5.0 Charms
 - Level 5.0 Translocations
 - Level 4.0 Transmutations
 - Level 9.0 Fire Magic
 - Level 2.0 Ice Magic
 - Level 6.0 Air Magic
 - Level 7.0 Earth Magic
 - Level 5.0 Poison Magic


You had 2 spell levels left.
You knew the following spells:

 Your Spells              Type           Power        Failure   Level  Hunger
a - Iron Shot             Conj/Erth      ########..   1%          6    ####...
b - Irradiate             Conj/Tmut      ########..   1%          5    None
c - Swiftness             Chrm/Air       ######..     1%          2    None
d - Lightning Bolt        Conj/Air       ########..   1%          5    None
e - Fireball              Conj/Fire      ########..   1%          5    None
f - Iskenderun's Battles  Conj/Chrm      ########     1%          5    None
g - Apportation           Tloc           ######       1%          1    None
h - Blink                 Tloc           N/A          1%          2    None
i - Passwall              Tmut/Erth      ######..     1%          2    None
j - Orb of Destruction    Conj           ########..   1%          7    #####..
k - Ozocubu's Armour      Chrm/Ice       ######..     1%          3    None
m - Mephitic Cloud        Conj/Pois/Air  ########     1%          3    None
G - Passage of Golubria   Tloc           N/A          2%          4    None

Your spell library contained the following spells:

 Spells                   Type           Power        Failure   Level  Hunger
 Flame Tongue             Conj/Fire      #####        0%          1    None
 Magic Dart               Conj           ####         0%          1    None
 Shock                    Conj/Air       ####         0%          1    None
 Sting                    Conj/Pois      ####         0%          1    None
 Searing Ray              Conj           ######       0%          2    None
 Throw Flame              Conj/Fire      ######       0%          2    None
 Corona                   Hex            ####...      1%          1    None
 Freeze                   Ice            ####         1%          1    None
 Infusion                 Chrm           ####         1%          1    None
 Pain                     Necr           ####         1%          1    None
 Sandblast                Erth           ######       1%          1    None
 Ensorcelled Hibernation  Hex/Ice        #####.       1%          2    None
 Poisonous Vapours        Pois/Air       ######       1%          2    None
 Shroud of Golubria       Chrm/Tloc      ######       1%          2    None
 Song of Slaying          Chrm           ######..     1%          2    None
 Throw Frost              Conj/Ice       ######       1%          2    None
 Corpse Rot               Necr           N/A          3%          2    None
 Sublimation of Blood     Necr           ####......   3%          2    None
 Conjure Flame            Conj/Fire      ########     0%          3    None
 Iskenderun's Mystic Bla  Conj           ########     0%          4    None
 Dazzling Spray           Conj/Hex       ######       1%          3    None
 Gell's Gravitas          Tloc           ######....   1%          3    None
 Ignite Poison            Fire/Tmut/Pois #######.     1%          3    None
 Inner Flame              Hex/Fire       ######..     1%          3    None
 Lesser Beckoning         Tloc           ######....   1%          3    None
 Spider Form              Tmut/Pois      ######....   1%          3    None
 Static Discharge         Conj/Air       ########     1%          3    None
 Stone Arrow              Conj/Erth      ######       1%          3    None
 Teleport Other           Tloc           ######..     1%          3    None
 Airstrike                Air            #######...   1%          4    None
 Force Lance              Conj/Tloc      ########     1%          4    None
 Fulminant Prism          Conj/Hex       ########..   1%          4    None
 Sticky Flame             Conj/Fire      ########     1%          4    None
 Throw Icicle             Conj/Ice       ########     1%          4    None
 Bolt of Draining         Conj/Necr      ########..   1%          5    None
 Bolt of Magma            Conj/Fire/Erth ########..   1%          5    None
 Venom Bolt               Conj/Pois      ########..   1%          5    None
 Regeneration             Chrm/Necr      ######....   2%          3    None
 Spectral Weapon          Hex/Chrm       ######..     2%          3    None
 Olgreb's Toxic Radiance  Pois           ######..     2%          4    None
 Petrify                  Tmut/Erth      ######..     2%          4    None
 Lee's Rapid Deconstruct  Erth           #######...   3%          5    None
 Confuse                  Hex            ####....     6%          3    None
 Tukima's Dance           Hex            ####....     6%          3    None
 Alistair's Intoxication  Tmut/Pois      ######..     9%          5    None
 Borgnjor's Vile Clutch   Necr/Erth      ######....   14%         5    None
 Excruciating Wounds      Chrm/Necr      ######....   21%         5    None
 Statue Form              Tmut/Erth      ######...    32%         6    ####...
 Agony                    Necr           ####....     50%         5    None
 Aura of Abjuration       Summ           ####......   50%         5    None
 Dispel Undead            Necr           ####....     50%         5    None
 Hydra Form               Tmut           ######....   52%         6    ####...
 Invisibility             Hex            ####....     97%         6    ####...
 Dragon Form              Tmut           ######....   98%         7    #####..
 Summon Butterflies       Summ           Unusable     N/A         1    N/A
 Summon Small Mammal      Summ           Unusable     N/A         1    N/A
 Call Imp                 Summ           Unusable     N/A         2    N/A
 Recall                   Summ/Tloc      Unusable     N/A         3    N/A
 Call Canine Familiar     Summ           Unusable     N/A         3    N/A
 Summon Guardian Golem    Hex/Summ       Unusable     N/A         3    N/A
 Summon Lightning Spire   Summ/Air       Unusable     N/A         4    N/A
 Summon Ice Beast         Ice/Summ       Unusable     N/A         4    N/A
 Summon Forest            Summ/Tloc      Unusable     N/A         5    N/A
 Spellforged Servitor     Conj/Summ      Unusable     N/A         7    N/A
 Summon Demon             Summ           Unusable     N/A         5    N/A
 Summon Mana Viper        Hex/Summ       Unusable     N/A         5    N/A
 Shadow Creatures         Summ           Unusable     N/A         6    N/A
 Summon Hydra             Summ           Unusable     N/A         7    N/A

Dungeon Overview and Level Annotations

Branches:
Dungeon (15/15)            Temple (1/1) D:7            Lair (6/6) D:10
  Swamp (4/4) Lair:3        Snake (4/4) Lair:3        Slime (5/5) Lair:5
    Orc (2/2) D:11            Elf (3/3) Orc:2        Vaults (4/5) D:14
  Crypt (0/3) Vaults:2     Depths (5/5) D:15            Zot (5/5) Depths:5
Gauntlet (visited)

Altars:
Ashenzari
Cheibriados
Dithmenos
Elyvilon
Fedhas
Gozag
Hepliaklqana
Kikubaaqudgha
Makhleb
Nemelex Xobeh
Okawaru
Qazlal
Ru
Sif Muna
Trog
Uskayaw
Vehumet
Wu Jian
Xom
Yredelemnul
Zin
The Shining One
Jiyva
Lugonu

Shops:
D:5 (   D:6 ?   Orc:1 %   Orc:2 [?*}*   Snake:3 }}=   Vaults:2 !}=   Vaults:4 [
Depths:3 !

Portals:
Hell: Depths:1 Depths:2 Depths:3 Depths:4 Depths:5
Abyss: Depths:4 Depths:5
Pandemonium: Depths:1 Depths:3
Ziggurat: Depths:4

Annotations:
D:12 1 exclusion, Rupert
Slime:1 1 exclusion
Elf:3 2 exclusions
Depths:3 2 transporters, Raeg's ghost, veteran DrSk
Zot:3 2 runed translucent doors, Sebriys's ghost, legendary TrBe


Innate Abilities, Weirdness & Mutations

You cannot wear boots.
Your serpentine skin is tough. (AC +9)
You have supernaturally acute eyesight. (SInv)
Armour fits poorly on your strangely shaped body.
Your magical capacity is low. (-10% MP)
Your system is resistant to poisons. (rPois)
You cover ground very slowly.
You have a slow metabolism.
You can spit poison.
You cannot be stealthy.
You cannot study or use magical devices.
You are hated by all.
You are slightly vulnerable to magic. (MR-)
You are somewhat unskilled. (-1 Apt)
You can use your snake-like lower body to constrict enemies.
You are partially covered in large bone plates. (SH +4)
You have a somewhat thin skeletal structure. (Dex +2, Stealth)
Your body sometimes deteriorates upon taking damage.


Message History

You see here a hand axe.
There is a stone staircase leading up here.
You fly upwards.
There is a stone staircase leading down here.
There is a stone staircase leading up here.
You fly upwards.
There is a stone staircase leading down here.
You see here a +0 dagger.
A green death comes into view.
There is a stone staircase leading up here.
You fly upwards.
There is a stone staircase leading down here.
(D) Dungeon (T) Temple (L) Lair (S) Swamp (P) Snake Pit (M) Slime Pits (O) Orcish Mines (E) Elven Halls (V) Vaults (C) Crypt (U) Depths (H) Hell (Z) Zot
Where to? (Enter - D:1 @ (x,y), ? - help)
There is an open gate here.
There is a staircase leading out of the dungeon here.
You have escaped!

#.....#####......... #.#####
#.#.>..... ##.#..###
##.........
#..#....###...#......
#..#......###......##
#.##........###......
#########.##..........#######
#.......†..#.............'.##
#........÷.#@............'..#
#..........#.............'...
#..........#..........#####.#
#..........#........####...##
#..........#......###.##.####
#..........#....####.........
########.#.##..####.#..##.####
#..........##### #.#.....#
#..).......# #....####


There were no monsters in sight!

Vanquished Creatures
  the Royal Jelly
  6 ancient liches
  4 orbs of fire Mara
  A juggernaut Sojobo Vashnia
  2 Killer Klowns Saint Roka
  3 caustic shrikes
  10 golden dragons the Enchantress
  A Brimstone Fiend
  3 liches
  2 electric golems
  12 tentacled monstrosities Jorgrun
  The ghost of nodrog the Warrior, an adept MiBe of Trog
  An Ice Fiend
  A Hell Sentinel
  29 Orb Guardians
  7 quicksilver dragons
  2 titans
  21 acid blobs
  6 sphinxes
  An Executioner
  6 death cobs
  4 thorn hunters
  5 tengu reavers
  8 shadow dragons
  6 nagarajas
  15 azure jellies
  3 draconian monks
  10 storm dragons
  11 fire giants
  2 ghost moths
  2 deep elf sorcerers
  An iron dragon
  2 cacodemons
  6 draconian scorchers
  10 vault wardens
  4 draconian knights
  3 orc warlords
  11 frost giants
  7 draconian stormcallers
  4 draconian shifters
  2 draconian annihilators
  8 ironheart preservers
  A war gargoyle
  19 very ugly things
  9 green draconians
  20 stone giants
  3 spriggan defenders
  A deep elf demonologist
  A reaper
  2 entropy weavers
  7 black draconians
  2 pale draconians
  2 vampire knights
  7 yellow draconians
  6 purple draconians
  A minotaur
  7 white draconians
  10 red draconians
  4 spark wasps
  The ghost of Zeraj the Severer, a journeyman DDWz of Makhleb
  A deep elf annihilator
  A blizzard demon
  5 deep elf death magi
  8 ettins
  8 death oozes
  13 great orbs of eyes
  10 fire dragons
  A deep elf high priest
  The ghost of ploer the Archer, a journeyman CeHu of Fedhas
  8 yaktaur captains
  12 ice dragons
  14 vault guards
  8 rakshasas
  A catoblepas
  7 spriggan air magi
  10 centaur warriors
  19 hydras
  4 anacondas
  A merfolk avatar
  2 shambling mangroves
  12 naga warriors
  4 death knights
  56 two-headed ogres
  5 alligators
  13 deep troll earth magi
  13 deep troll shamans
  17 ogre magi
  A queen ant
  8 tengu warriors
  3 vampire magi
  An orc high priest
  26 dancing weapons
  17 naga sharpshooters Urug
  3 spriggan berserkers
  23 deep elf knights
  2 shock serpents
  A sun demon
  3 sixfirhies
  3 shadow wraiths
  2 iron trolls
  2 salamander mystics
  4 skeletal warriors
  A death drake (shapeshifter)
  A death drake
  7 wizards
  9 unseen horrors
  15 hell knights
  A flayed ghost
  2 spriggan druids
  21 deep trolls
  An orange crystal statue
  5 glowing orange brains
  A lindwurm
  7 naga ritualists
  16 deep elf archers
  A phantasmal warrior
  12 ironbrand convokers
  12 swamp dragons
  4 harpies
  A harpy (shapeshifter)
  12 orc knights
  3 mana vipers
  5 shining eyes
  A wolf spider
  2 oklob plants
  65 deep elf magi
  3 large abominations
  13 salamanders
  7 cyclopes
  59 ugly things
  2 manticores
  3 orc sorcerers
  11 elephants
  20 moths of wrath
  3 guardian serpents Psyche
  35 black mambas
  A cyclops (shapeshifter)
  19 naga magi
  A torpor snail
  5 vault sentinels
  A gargoyle
  22 spiny frogs Joseph
  A torpor snail (shapeshifter)
  5 eyes of devastation
  A storm dragon simulacrum
  2 orange demons
  4 freezing wraiths
  6 komodo dragons
  3 demonic crawlers
  31 yaktaurs
  2 rime drakes
  2 tengu conjurers
  The ghost of Winsalot the Bolt Thrower, an amateur DDHu
  A red devil
  2 meliai
  A queen bee (shapeshifter)
  8 trolls
  A jumping spider (shapeshifter)
  2 wind drakes (shapeshifter)
  19 hornets
  2 polar bears
  12 tyrant leeches
  A tyrant leech (shapeshifter)
  10 bog bodies
  116 slime creatures
  12 hippogriffs
  2 wind drakes
  2 raiju (shapeshifter)
  A dream sheep (shapeshifter)
  The ghost of poopendork the Caller, an amateur OpSu of the Shining One
  6 blink frogs
  2 hippogriffs (shapeshifter)
  4 air elementals
  5 wyverns
  6 spriggans
  3 wraiths
  7 shadows
  24 yaks Sigmund
  4 water elementals
  2 vampires
  A basilisk
  A fire bat (shapeshifter)
  Grum
  4 fire elementals
  4 hogs
  14 vampire mosquitoes
  A human
  16 golden eyes
  25 soldier ants
  3 steam dragons
  A warg (shapeshifter)
  6 wargs Menkaure
  A human simulacrum
  A hungry ghost
  A swamp worm (shapeshifter)
  2 soldier ants (shapeshifter)
  16 swamp worms
  4 acid dragons
  14 insubstantial wisps
  55 nagas
  14 water moccasins
  The ghost of AuftragZ the Conjurer, an amateur DECj Duvessa
  A floating eye (shapeshifter)
  4 floating eyes
  28 orc warriors
  6 porcupines
  4 black bears
  18 swamp drakes
  5 ice beasts
  9 eyes of draining
  A black bear (shapeshifter)
  A phantom
  A sky beast
  2 slaves
  A tengu (shapeshifter)
  18 boggarts
  11 centaurs
  12 wolves
  55 ogres
  13 crocodiles
  3 big kobolds
  A wyvern zombie
  20 bullfrogs
  A gnoll sergeant
  A bullfrog (shapeshifter)
  An ogre simulacrum
  An earth elemental
  A wyvern skeleton Dowan
  4 scorpions
  43 killer bees
  An orc simulacrum
  4 wights
  4 howler monkeys
  An electric eel
  2 jellies
  9 crimson imps
  2 centaur zombies
  A bullfrog zombie
  A quasit
  A yaktaur simulacrum
  4 bullfrog skeletons
  6 centaur skeletons
  2 gnoll shamans
  3 hounds
  19 orc priests Jessica
  3 iguanas Ijyb
  15 orc wizards
  33 worker ants
  A hound zombie
  18 gnolls
  15 adders
  7 shadow imps
  An ooze
  An adder skeleton
  An adder zombie
  2 worms
  5 dart slugs
  5 leopard geckos
  72 orcs
  5 giant cockroaches
  8 goblins
  A goblin (shapeshifter)
  6 hobgoblins
  11 jackals
  5 quokkas
  4 ball pythons
  A ball python skeleton
  8 bats
  6 frilled lizards
  21 kobolds
  A leopard gecko skeleton
  A leopard gecko zombie
  A quokka skeleton
  A quokka zombie
  11 rats
  A bush
  A fulminant prism
  2 plants
2225 creatures vanquished.

Vanquished Creatures (collateral kills)
  An elephant
  A hippogriff
  A water moccasin
  4 killer bees
7 creatures vanquished.

Vanquished Creatures (others)
  A death cob
  An orc warlord
  An ettin
  A merfolk impaler
  A great orb of eyes
  A hydra
  A shambling mangrove
  An anaconda
  3 centaur warriors
  A naga sharpshooter
  A deep elf knight
  A deep elf mage
  A black mamba
  A meliai
  2 slime creatures
  A hippogriff
  A water elemental
  2 golden eyes
  A naga
  A porcupine
  An orc warrior
  A killer bee
  2 orc priests
  An iguana
  A hound zombie
  An orc
  A jackal
  A bush
  15 demonic plants
  23 fulminant prisms
  39 fungi
  40 plants
  A withered plant
151 creatures vanquished.

Grand Total: 2383 creatures vanquished

Notes
Turn   | Place    | Note
-------+----------+-------------------------------------------
     0 | D:1      | Nausea the Naga Wanderer began the quest for the Orb.
     0 | D:1      | Nausea set off with the following items: a +0 club, a +0
                  | robe, a ration, a potion of curing {@q1}; and the following
                  | spell memorised: Flame Tongue; and the following spells
                  | available to memorise: Throw Flame, Conjure Flame, Inner
                  | Flame, Mephitic Cloud, Sticky Flame, Fireball
     0 | D:1      | Reached XP level 1. HP: 18/18 MP: 2/2
     0 | D:1      | Str 14 Int 13 Dex 9
    76 | D:1      | Reached skill level 2 in Stealth
    97 | D:1      | Reached skill level 1 in Conjurations
   121 | D:1      | Reached XP level 2. HP: 25/25 MP: 3/3
   424 | D:1      | Reached skill level 2 in Conjurations
   424 | D:1      | Reached XP level 3. HP: 16/31 MP: 0/4
   725 | D:1      | Reached skill level 3 in Stealth
   730 | D:1      | Learned a level 3 spell: Conjure Flame
  1512 | D:2      | Reached skill level 2 in Spellcasting
  1633 | D:2      | Reached XP level 4. HP: 38/38 MP: 7/7
  1961 | D:3      | Noticed Sigmund
  2476 | D:3      | Noticed Jessica
  2479 | D:3      | Killed Jessica
  2479 | D:3      | Reached skill level 3 in Conjurations
  2603 | D:3      | Noticed Ijyb
  2625 | D:3      | You fall into a shaft and drop 3 floors!
  2638 | D:6      | Reached XP level 5. HP: 44/44 MP: 8/8
  2718 | D:5      | Entered Level 5 of the Dungeon
  2718 | D:5      | Found Punoitz's Weapon Shop.
  2720 | D:5      | Noticed Pikel
  2720 | D:5      | Noticed a slave
  2720 | D:5      | Noticed a slave
  2721 | D:5      | Noticed a centaur
  2770 | D:4      | Noticed Duvessa
  2795 | D:4      | Noticed Dowan
  2822 | D:3      | Killed Ijyb
  2959 | D:3      | Learned a level 3 spell: Mephitic Cloud
  2963 | D:3      | Reached skill level 4 in Conjurations
  2973 | D:3      | Reached skill level 1 in Poison Magic
  3353 | D:4      | Reached skill level 2 in Poison Magic
  3630 | D:4      | Reached XP level 6. HP: 51/51 MP: 9/9
  3704 | D:4      | Reached skill level 1 in Air Magic
  3704 | D:4      | Reached skill level 3 in Poison Magic
  3819 | D:4      | Killed Duvessa
  3819 | D:4      | Reached skill level 4 in Fire Magic
  3938 | D:4      | Killed Dowan
  4152 | D:4      | Reached XP level 7. HP: 39/57 MP: 10/10
  4381 | D:4      | Found a bloodstained altar of Trog.
  4381 | D:4      | Found an ornate altar of the Wu Jian Council.
  4418 | D:4      | Found a runed translucent gate.
  4418 | D:4      | Found a runed translucent gate.
  4420 | D:4      | Found a runed translucent gate.
  4422 | D:4      | Noticed Winsalot's ghost (amateur DDHu)
  4422 | D:4      | Noticed poopendork's ghost (amateur OpSu)
  4423 | D:4      | Noticed AuftragZ's ghost (amateur DECj)
  4654 | D:5      | Reached skill level 2 in Air Magic
  4747 | D:5      | Reached skill level 2 in Fighting
  4987 | D:5      | Reached skill level 5 in Conjurations
  5031 | D:5      | Noticed Pikel
  5031 | D:5      | Pikel changed into Pikel the soldier ant
  5037 | D:5      | Killed Pikel the soldier ant
  5037 | D:5      | Reached skill level 5 in Fire Magic
  5078 | D:5      | Reached XP level 8. HP: 61/67 MP: 10/12
  5183 | D:5      | Found a sparkling altar of Nemelex Xobeh.
  5185 | D:5      | Found a glowing silver altar of Zin.
  5185 | D:5      | Found an ornate altar of the Wu Jian Council.
  5186 | D:5      | You fall into a shaft and drop 1 floor!
  5186 | D:6      | Found Nauro's Magic Scroll Shop.
  5189 | D:6      | Bought a scroll of teleportation for 33 gold pieces
  5189 | D:6      | Bought a scroll of blinking for 82 gold pieces
  5189 | D:6      | Bought a scroll of identify for 22 gold pieces
  5189 | D:6      | Bought a scroll of identify for 22 gold pieces
  5189 | D:6      | Bought a scroll of identify for 22 gold pieces
  5200 | D:6      | Bought a scroll of teleportation for 33 gold pieces
  5223 | D:6      | Learned a level 4 spell: Sticky Flame
  5245 | D:6      | Found a shattered altar of Ashenzari.
  5313 | D:6      | Reached skill level 3 in Spellcasting
  5462 | D:5      | Reached skill level 6 in Fire Magic
  5482 | D:5      | Found a shimmering altar of Xom.
  5482 | D:5      | Found a stormy altar of Qazlal.
  5482 | D:5      | Found a shimmering altar of Xom.
  5577 | D:5      | Reached skill level 6 in Conjurations
  5582 | D:5      | Noticed an unseen horror
  5593 | D:5      | Killed an unseen horror
  5593 | D:5      | Reached skill level 3 in Maces & Flails
  5593 | D:5      | Reached skill level 7 in Conjurations
  5593 | D:5      | Reached XP level 9. HP: 37/73 MP: 2/13
  6226 | D:6      | Found a stormy altar of Qazlal.
  6502 | D:6      | Reached skill level 4 in Maces & Flails
  6502 | D:6      | Reached skill level 4 in Spellcasting
  6509 | D:6      | Learned a level 5 spell: Fireball
  7013 | D:6      | Reached skill level 3 in Fighting
  7313 | D:7      | Reached skill level 4 in Fighting
  7403 | D:7      | Reached skill level 8 in Conjurations
  7445 | D:7      | Found a staircase to the Ecumenical Temple.
  7455 | Temple   | Entered the Ecumenical Temple
  7565 | Temple   | Became a worshipper of Ru the Awakened
  7743 | D:7      | Reached skill level 4 in Stealth
  8044 | D:7      | Found a bloodstained altar of Trog.
  8134 | D:7      | Reached skill level 7 in Fire Magic
  8260 | D:7      | Noticed Joseph
  8269 | D:7      | Killed Joseph
  8269 | D:7      | Reached skill level 8 in Fire Magic
  8269 | D:7      | Reached XP level 10. HP: 85/85 MP: 2/16
  8270 | D:7      | Noticed Menkaure
  8291 | D:7      | Killed Menkaure
  8301 | D:7      | Reached skill level 5 in Spellcasting
  9244 | D:8      | Noticed Grum
  9260 | D:8      | Killed Grum
  9260 | D:8      | Reached skill level 9 in Fire Magic
  9283 | D:8      | Reached skill level 9 in Conjurations
  9446 | D:8      | Found a stormy altar of Qazlal.
  9470 | D:8      | Gained mutation: You cannot study or use magical devices.
                  | [Ru sacrifice]
  9470 | D:8      | Reached * piety under Ru
  9470 | D:8      | Reached ** piety under Ru
  9611 | D:8      | Reached skill level 1 in Dodging
 10229 | D:8      | Reached skill level 4 in Poison Magic
 10535 | D:9      | Reached skill level 2 in Dodging
 10694 | D:9      | Found an opulent altar of Gozag.
 10732 | D:9      | Noticed Psyche
 10737 | D:9      | Killed Psyche
 10737 | D:9      | Reached skill level 3 in Dodging
 10855 | D:9      | Noticed a green ugly thing
 10933 | D:9      | Killed a green ugly thing
 10933 | D:9      | Reached XP level 11. HP: 56/93 MP: 4/18
 11183 | D:9      | Reached skill level 10 in Conjurations
 11202 | D:9      | Reached skill level 5 in Fighting
 11408 | D:10     | Entered Level 10 of the Dungeon
 11712 | D:10     | Found a staircase to the Lair.
 11737 | D:10     | Learned a level 2 spell: Swiftness
 12345 | D:10     | Noticed a catoblepas
 12360 | D:10     | Killed a catoblepas
 12662 | D:6      | Bought a scroll of fog for 22 gold pieces
 12816 | D:3      | Killed Sigmund
 12953 | D:4      | Killed Winsalot's ghost
 12953 | D:4      | Reached skill level 2 in Shields
 12955 | D:4      | Killed AuftragZ's ghost
 12955 | D:4      | Reached skill level 5 in Poison Magic
 12972 | D:4      | Killed poopendork's ghost
 13177 | Lair:1   | Entered Level 1 of the Lair of Beasts
 13188 | D:10     | Reached skill level 6 in Spellcasting
 13288 | Lair:1   | Reached skill level 6 in Fighting
 13499 | Lair:1   | Reached skill level 3 in Air Magic
 13860 | Lair:1   | Reached skill level 4 in Air Magic
 14079 | Lair:1   | Reached skill level 5 in Air Magic
 14572 | Lair:1   | Reached skill level 6 in Air Magic
 15272 | Lair:2   | Reached XP level 12. HP: 88/105 MP: 2/21
 15356 | Lair:2   | Noticed a seven-headed hydra
 15489 | Lair:2   | Learned a level 5 spell: Lightning Bolt
 15646 | Lair:2   | Reached skill level 11 in Conjurations
 15738 | Lair:2   | Killed a seven-headed hydra
 15738 | Lair:2   | Reached skill level 5 in Stealth
 16148 | Lair:2   | Found a blossoming altar of Fedhas.
 16455 | Lair:3   | Found a staircase to the Swamp.
 16471 | Lair:3   | Reached skill level 1 in Charms
 16941 | Lair:3   | Reached skill level 7 in Spellcasting
 17015 | Lair:3   | Reached skill level 2 in Charms
 17135 | Lair:3   | Found a staircase to the Snake Pit.
 17479 | Lair:4   | Reached skill level 3 in Charms
 17483 | Lair:4   | Reached skill level 4 in Dodging
 17617 | Lair:4   | Found a transporter.
 17639 | Lair:4   | Reached skill level 4 in Charms
 17639 | Lair:4   | Reached skill level 5 in Dodging
 17967 | Lair:4   | Noticed a queen ant
 17977 | Lair:4   | Killed a queen ant
 17994 | Lair:4   | Noticed an entropy weaver
 18008 | Lair:4   | Reached skill level 6 in Dodging
 18008 | Lair:4   | Reached skill level 5 in Charms
 18071 | Lair:4   | Killed an entropy weaver
 18079 | Lair:4   | Reached skill level 7 in Fighting
 18079 | Lair:4   | Gained mutation: You can use your snake-like lower body to
                  | constrict enemies. [Naga growth]
 18079 | Lair:4   | Reached XP level 13. HP: 103/115 MP: 4/23
 18181 | Lair:4   | Noticed an entropy weaver
 18190 | Lair:4   | HP: 19/115 [entropy weaver/+0 flail (5)]
 18191 | Lair:4   | Killed an entropy weaver
 18191 | Lair:4   | Reached skill level 8 in Spellcasting
 18327 | Lair:4   | Learned a level 3 spell: Ozocubu's Armour
 18419 | Lair:4   | Noticed Zeraj's ghost (journeyman DDWz)
 18448 | Lair:4   | Found a transporter.
 18497 | Lair:4   | Reached skill level 1 in Ice Magic
 18541 | Lair:4   | Gained mutation: Your magical capacity is low. (-10% MP)
                  | [Ru sacrifice]
 18541 | Lair:4   | Reached *** piety under Ru
 18803 | Lair:4   | Reached skill level 8 in Fighting
 19187 | Lair:4   | Reached skill level 2 in Ice Magic
 19425 | Lair:4   | Reached skill level 6 in Stealth
 20319 | Lair:5   | Found a viscous altar of Jiyva.
 20320 | Lair:5   | Found a staircase to the Slime Pits.
 20359 | Lair:5   | Reached skill level 12 in Conjurations
 21022 | Lair:6   | Entered Level 6 of the Lair of Beasts
 21095 | Lair:6   | Reached skill level 5 in Maces & Flails
 21098 | Lair:5   | Gained mutation: You are slightly vulnerable to magic.
                  | (MR-) [Ru sacrifice]
 21098 | Lair:5   | Reached **** piety under Ru
 21608 | Lair:6   | Reached skill level 6 in Maces & Flails
 22047 | Lair:6   | Reached skill level 9 in Spellcasting
 22512 | Lair:6   | Reached XP level 14. HP: 120/127 MP: 5/24
 22798 | Lair:6   | Reached skill level 7 in Maces & Flails
 22922 | Lair:6   | Identified the Compendium of Helpful Evil Rites
 22926 | Lair:6   | Identified the Catalogue of Excruciating Dark Rites
 22945 | Lair:6   | Learned a level 5 spell: Iskenderun's Battlesphere
 23059 | Lair:6   | Reached skill level 9 in Fighting
 23885 | D:11     | Gained mutation: You are somewhat unskilled. (-1 Apt) [Ru
                  | sacrifice]
 23885 | D:11     | Reduced skill Fighting to level 8
 23885 | D:11     | Reduced skill Maces & Flails to level 6
 23885 | D:11     | Reduced skill Dodging to level 5
 23885 | D:11     | Reduced skill Stealth to level 5
 23885 | D:11     | Reduced skill Spellcasting to level 8
 23885 | D:11     | Reduced skill Conjurations to level 11
 23885 | D:11     | Reduced skill Charms to level 4
 23885 | D:11     | Reduced skill Fire Magic to level 8
 23885 | D:11     | Reduced skill Ice Magic to level 1
 23885 | D:11     | Reduced skill Air Magic to level 5
 23885 | D:11     | Reduced skill Earth Magic to level 0
 23885 | D:11     | Reduced skill Poison Magic to level 4
 23885 | D:11     | Reached ***** piety under Ru
 24007 | D:11     | Noticed Urug
 24113 | D:11     | Killed Urug
 24230 | D:11     | Found a staircase to the Orcish Mines.
 24717 | D:11     | Found a runed translucent door.
 24718 | D:11     | Noticed ploer's ghost (journeyman CeHu)
 25067 | D:11     | Killed ploer's ghost
 25460 | D:12     | Noticed Jorgrun
 25479 | D:12     | Killed Jorgrun
 25479 | D:12     | Reached skill level 12 in Conjurations
 25740 | D:12     | Noticed Rupert
 26656 | Orc:1    | Entered Level 1 of the Orcish Mines
 26911 | Orc:1    | Reached skill level 5 in Charms
 27445 | Orc:1    | Found Pupeujom's Food Shoppe.
 27588 | Orc:2    | Entered Level 2 of the Orcish Mines
 27588 | Orc:2    | Found a gate leading to a gauntlet.
 27588 | Orc:2    | Found Kicvuzos's Armour Shoppe.
 27589 | Orc:2    | Paralysed by an orc sorcerer for 6 turns
 27597 | Orc:1    | Gained mutation: You are hated by all. [Ru sacrifice]
 27673 | Orc:2    | Found a staircase to the Elven Halls.
 27674 | Orc:2    | Reached skill level 2 in Ice Magic
 27771 | Gauntlet | Entered a Gauntlet
 27771 | Gauntlet | Found a transporter.
 27771 | Gauntlet | Found a transporter.
 27771 | Gauntlet | Found a transporter.
 27791 | Gauntlet | Found a transporter.
 27805 | Gauntlet | Found a transporter.
 27805 | Gauntlet | Found a transporter.
 27815 | Gauntlet | Found a transporter.
 27836 | Gauntlet | Found a transporter.
 27853 | Gauntlet | Found a transporter.
 27857 | Gauntlet | Found a transporter.
 27867 | Gauntlet | Found a transporter.
 27871 | Gauntlet | Found a transporter.
 28485 | Gauntlet | Identified the cursed +1 halberd of Hysmeom {chaos, rPois
                  | rC+ Str-4}
 28504 | Gauntlet | Got a shimmering chain mail
 29530 | D:13     | Reached skill level 7 in Maces & Flails
 29739 | D:13     | Reached skill level 1 in Armour
 29940 | D:13     | Reached XP level 15. HP: 93/134 MP: 7/25
 30088 | D:13     | Reached skill level 9 in Spellcasting
 30317 | D:13     | Reached skill level 2 in Armour
 30366 | D:13     | Learned a level 1 spell: Apportation
 30685 | D:13     | Gained mutation: You cannot be stealthy. [Ru sacrifice]
 30685 | D:13     | Reduced skill Stealth to level 0
 30685 | D:13     | Reached ****** piety under Ru
 31938 | D:14     | Reached skill level 13 in Conjurations
 32003 | D:14     | Reached skill level 3 in Armour
 32149 | D:14     | Reached skill level 3 in Shields
 32554 | D:14     | Found a gate to the Vaults.
 32664 | D:14     | Reached skill level 4 in Armour
 33173 | D:14     | Identified the +6 chain mail of Doxodin {rF+ MR+ Dex+2}
                  | (You found it in a Gauntlet)
 33346 | D:15     | Entered Level 15 of the Dungeon
 33381 | D:15     | Noticed a frost giant
 33386 | D:15     | Killed a frost giant
 33414 | D:15     | Reached skill level 4 in Shields
 33561 | D:15     | Found a sacrificial altar of Ru.
 33642 | D:15     | Got a pitted scale mail
 33644 | D:15     | Got a fine granite ring
 33645 | D:15     | Identified the ring "Lelystruf" {MP+9 Dex+4} (You found it
                  | on level 15 of the Dungeon)
 33646 | D:15     | Identified the +4 scale mail of Broken Taboos {rN+++ Int+3}
                  | (You found it on level 15 of the Dungeon)
 34235 | D:15     | Reached skill level 9 in Fighting
 34235 | D:15     | Reached skill level 5 in Armour
 34432 | D:15     | Reached skill level 5 in Shields
 34572 | D:15     | Noticed a frost giant
 34580 | D:15     | Killed a frost giant
 34682 | D:15     | Found a staircase to the Depths.
 35031 | Orc:2    | Reached XP level 16. HP: 144/144 MP: 26/26
 35031 | Orc:2    | Reached skill level 6 in Armour
 35031 | Orc:2    | Reached skill level 6 in Shields
 35262 | Orc:2    | Reached skill level 7 in Shields
 35474 | Orc:2    | Found Sidunk's General Store.
 35475 | Orc:2    | Found Jories's Gadget Boutique.
 35475 | Orc:2    | Found Qiocwiyp's Magic Scroll Shoppe.
 35475 | Orc:2    | Found Foreo's Assorted Antiques.
 35902 | Orc:2    | Bought a +2 large shield for 297 gold pieces
 35929 | Orc:2    | Bought a scroll of fog for 32 gold pieces
 35932 | Orc:2    | Bought a scroll labeled NANLUPP ORAGU for 38 gold pieces
 35932 | Orc:2    | Bought a potion of brilliance for 152 gold pieces
 35932 | Orc:2    | Bought a smoky yellow potion for 34 gold pieces
 35932 | Orc:2    | Bought a cyan potion for 34 gold pieces
 35932 | Orc:2    | Bought a scroll of blinking for 285 gold pieces
 35933 | Orc:2    | Bought a scroll of identify for 32 gold pieces
 35936 | Orc:2    | Bought a scroll of identify for 76 gold pieces
 35937 | Orc:2    | Bought a levitating book for 570 gold pieces
 35938 | Orc:2    | Bought a scroll of magic mapping for 49 gold pieces
 35938 | Orc:2    | Bought a potion of agility for 56 gold pieces
 35979 | Orc:2    | Bought a scroll of teleportation for 114 gold pieces
 36144 | Lair:4   | Killed Zeraj's ghost
 36150 | Lair:4   | Got a bound golden amulet
 36173 | Lair:4   | Identified the amulet "Moir Pue" {Acrobat Str+6} (You found
                  | it on level 4 of the Lair of Beasts)
 36250 | Swamp:1  | Entered Level 1 of the Swamp
 36493 | Swamp:1  | Paralysed by a hornet for 3 turns
 36973 | Swamp:1  | Reached skill level 8 in Shields
 38198 | Swamp:2  | Reached skill level 9 in Shields
 38516 | Swamp:2  | Noticed a thorn hunter
 38523 | Swamp:2  | Killed a thorn hunter
 39015 | Swamp:3  | Reached skill level 1 in Translocations
 39491 | Swamp:3  | Reached skill level 2 in Translocations
 40467 | Swamp:4  | Entered Level 4 of the Swamp
 40467 | Swamp:4  | Noticed a thorn hunter
 40476 | Swamp:4  | Killed a thorn hunter
 40490 | Swamp:3  | Reached skill level 10 in Shields
 40911 | Swamp:4  | Reached XP level 17. HP: 122/150 MP: 27/27
 41483 | Swamp:4  | Reached skill level 14 in Conjurations
 42635 | Swamp:4  | Got a decaying rune of Zot
 43106 | Snake:1  | Entered Level 1 of the Snake Pit
 43336 | Snake:1  | Reached skill level 7 in Armour
 43889 | Snake:1  | Got a jewelled leather armour
 43905 | Snake:1  | Got an ichor-stained robe
 44197 | Swamp:4  | Identified the cursed +0 robe "Ankuqo" {rElec Int+6} (You
                  | found it on level 1 of the Snake Pit)
 44208 | Swamp:4  | Identified the +2 leather armour of the Monkey's Uncle
                  | {MR+} (You found it on level 1 of the Snake Pit)
 44950 | Snake:2  | You fall into a shaft and drop 1 floor!
 45219 | Snake:3  | Reached skill level 11 in Shields
 45810 | Snake:2  | Noticed Vashnia
 46194 | Snake:2  | Killed Vashnia
 46964 | Snake:3  | Found Zeruimp's Gadget Boutique.
 46966 | Snake:3  | Found Jek Ysis's Jewellery Shoppe.
 46967 | Snake:3  | Found Iguil's Gadget Boutique.
 46982 | Snake:3  | Bought a +5 ring of intelligence for 741 gold pieces
 47179 | Snake:4  | Entered Level 4 of the Snake Pit
 47179 | Snake:4  | Found a shadowy altar of Dithmenos.
 47191 | Snake:3  | Reached XP level 18. HP: 136/158 MP: 0/28
 47216 | Snake:3  | Reached skill level 12 in Shields
 47692 | Snake:3  | Found a stormy altar of Qazlal.
 49346 | Snake:4  | Reached skill level 15 in Conjurations
 49629 | Snake:4  | Learned a level 2 spell: Blink
 50575 | Snake:4  | Got a serpentine rune of Zot
 51132 | Snake:4  | Reached skill level 10 in Spellcasting
 51855 | Vaults:1 | Entered Level 1 of the Vaults
 52646 | Vaults:1 | Reached skill level 16 in Conjurations
 52966 | Vaults:1 | Reached XP level 19. HP: 165/165 MP: 29/29
 53652 | Vaults:1 | Learned a level 4 spell: Fulminant Prism
 54078 | Vaults:1 | Reached skill level 13 in Shields
 55134 | Vaults:2 | Found Luag's Distillery.
 55168 | Vaults:2 | Found a staircase to the Crypt.
 55449 | Vaults:2 | Reached skill level 3 in Translocations
 55696 | Vaults:2 | Reached skill level 8 in Armour
 55933 | Vaults:2 | Reached skill level 10 in Fighting
 56444 | Vaults:2 | Found a runed translucent gate.
 56444 | Vaults:2 | Found a runed translucent gate.
 56444 | Vaults:2 | Found a runed translucent gate.
 56447 | Vaults:2 | Noticed nodrog's ghost (adept MiBe)
 56618 | Vaults:2 | Noticed a tentacled monstrosity
 56626 | Vaults:2 | HP: 29/168 [titan/bolt of lightning (47)]
 56990 | Vaults:2 | Identified the +3 quarterstaff of Valiance {crush, Int+2
                  | Dex+2}
 57085 | Vaults:2 | Reached skill level 14 in Shields
 57290 | Vaults:2 | Reached XP level 20. HP: 162/176 MP: 29/30
 57293 | Vaults:2 | Noticed a golden dragon
 57318 | Vaults:2 | Learned a level 7 spell: Orb of Destruction
 57767 | Vaults:2 | Noticed Mara
 57771 | Vaults:2 | Noticed Nausea's illusion
 58775 | Vaults:2 | Found Goety's Gadget Shoppe.
 58792 | Vaults:2 | Found Gelouwn's Jewellery Emporium.
 58933 | Vaults:2 | Found a staircase to the Crypt.
 58946 | Vaults:2 | Found Luag's Distillery.
 59249 | Vaults:2 | Identified the Volume of Quantum Intoxication
 59416 | Vaults:2 | Identified the Reference Book on Helpful Transformation
 59540 | Vaults:2 | Noticed Nausea's illusion
 59651 | Vaults:3 | Found a flickering gateway to a bazaar.
 59664 | Bazaar   | Entered a bazaar
 59666 | Bazaar   | Found Tygogh's Weapon Boutique.
 59666 | Bazaar   | Found Qitzemo's Book Boutique.
 59713 | Bazaar   | Found Fuzxagog's Gadget Boutique.
 59762 | Bazaar   | Found Pierir's Distillery.
 59770 | Bazaar   | Bought a potion of ambrosia for 96 gold pieces
 59770 | Bazaar   | Bought a potion of resistance for 120 gold pieces
 59770 | Bazaar   | Bought a potion of resistance for 120 gold pieces
 59770 | Bazaar   | Bought a potion of invisibility for 96 gold pieces
 59770 | Bazaar   | Bought a potion of haste for 120 gold pieces
 59770 | Bazaar   | Bought a potion of ambrosia for 96 gold pieces
 60073 | Vaults:3 | Learned a level 5 spell: Irradiate
 60310 | Vaults:3 | Reached skill level 1 in Transmutations
 60389 | Vaults:3 | Reached skill level 2 in Transmutations
 60391 | Vaults:3 | Reached skill level 3 in Transmutations
 60883 | Vaults:3 | Reached skill level 11 in Spellcasting
 62053 | Vaults:3 | Reached skill level 12 in Spellcasting
 62670 | Vaults:4 | Learned a level 3 spell: Ozocubu's Armour
 62712 | Vaults:4 | Noticed a lich
 62715 | Vaults:4 | Killed a lich
 62769 | Vaults:4 | Noticed an ancient lich
 62854 | Vaults:4 | Reached skill level 4 in Transmutations
 62867 | Vaults:4 | Reached XP level 21. HP: 168/183 MP: 12/33
 62962 | Vaults:4 | Found Reveypn's Armour Shop.
 63843 | Vaults:4 | Reached skill level 15 in Shields
 63963 | Vaults:4 | Reached skill level 6 in Dodging
 64528 | Vaults:4 | Reached skill level 7 in Dodging
 65149 | Vaults:2 | Noticed Nausea's illusion
 65151 | Vaults:2 | Killed Mara
 65766 | Vaults:2 | Killed a golden dragon
 65838 | Vaults:2 | Found a runed translucent gate.
 65838 | Vaults:2 | Found a runed translucent gate.
 65838 | Vaults:2 | Found a runed translucent gate.
 65846 | Vaults:2 | Found an iron altar of Okawaru.
 65867 | Vaults:2 | Learned a level 4 spell: Passage of Golubria
 65879 | Vaults:2 | Killed nodrog's ghost
 65896 | Vaults:2 | Got a spiked leather armour
 65897 | Vaults:2 | Identified the +2 leather armour "Yrygyill" {*Drain rC+++
                  | Str+3 Stlth+} (You found it on level 2 of the Vaults)
 66108 | Depths:1 | Entered Level 1 of the Depths
 66496 | Elf:1    | Entered Level 1 of the Elven Halls
 66621 | Elf:1    | Reached skill level 13 in Spellcasting
 66773 | Elf:1    | Reached skill level 4 in Translocations
 66777 | Elf:1    | Reached skill level 11 in Fighting
 67030 | Elf:1    | Reached XP level 22. HP: 195/195 MP: 33/35
 67063 | Elf:1    | Learned a level 5 spell: Iskenderun's Battlesphere
 68345 | Elf:1    | Reached skill level 12 in Fighting
 68670 | Elf:2    | Reached skill level 8 in Dodging
 68959 | Elf:2    | Found a runed translucent gate.
 68959 | Elf:2    | Found a runed translucent gate.
 68960 | Elf:2    | Found a runed translucent gate.
 69255 | Elf:2    | Reached skill level 8 in Maces & Flails
 69396 | Elf:2    | Reached skill level 13 in Fighting
 70497 | Elf:3    | Entered Level 3 of the Elven Halls
 70678 | Elf:3    | Got a sheer robe
 70684 | Elf:3    | Identified the cursed +0 robe of Wu Jian's Castigation
                  | {Regen+ Dex+2 Stlth+} (You found it on level 3 of the Elven
                  | Halls)
 71738 | Vaults:2 | Bought a potion of agility for 80 gold pieces
 71738 | Vaults:2 | Bought a potion of magic for 160 gold pieces
 71738 | Vaults:2 | Bought a potion of agility for 80 gold pieces
 71738 | Vaults:2 | Bought a potion of haste for 200 gold pieces
 71738 | Vaults:2 | Bought a potion of might for 80 gold pieces
 71738 | Vaults:2 | Bought a potion of cancellation for 160 gold pieces
 72256 | Depths:1 | Found a gateway to Hell.
 72358 | Depths:1 | Found a one-way gate leading to the halls of Pandemonium.
 72360 | Depths:1 | Reached skill level 14 in Fighting
 72595 | Depths:1 | Reached skill level 17 in Conjurations
 72800 | Depths:1 | Reached skill level 5 in Translocations
 73834 | Depths:2 | Reached skill level 5 in Poison Magic
 73839 | Depths:2 | Noticed Sojobo
 74080 | Depths:2 | Killed Sojobo
 74080 | Depths:2 | Reached skill level 9 in Maces & Flails
 74080 | Depths:2 | Reached XP level 23. HP: 173/216 MP: 25/36
 74432 | Depths:2 | Reached skill level 6 in Air Magic
 74432 | Depths:2 | Reached skill level 15 in Fighting
 75265 | Depths:2 | Reached skill level 9 in Fire Magic
 75301 | Depths:2 | Found a glowing golden altar of the Shining One.
 75516 | Depths:2 | Reached skill level 10 in Maces & Flails
 75696 | Depths:3 | Noticed the Enchantress
 75697 | Depths:3 | Killed the Enchantress
 76205 | Depths:3 | Noticed a juggernaut
 76216 | Depths:3 | Killed a juggernaut
 76464 | Depths:3 | Found Nerphin's Distillery.
 76472 | Depths:3 | Bought a potion of agility for 44 gold pieces
 76472 | Depths:3 | Bought a potion of brilliance for 44 gold pieces
 76472 | Depths:3 | Bought a potion of brilliance for 44 gold pieces
 76472 | Depths:3 | Bought a potion of heal wounds for 55 gold pieces
 76472 | Depths:3 | Bought a potion of magic for 88 gold pieces
 76472 | Depths:3 | Bought a potion of haste for 110 gold pieces
 76523 | Depths:3 | Reached skill level 16 in Fighting
 76523 | Depths:3 | Reached skill level 11 in Maces & Flails
 76967 | Depths:3 | Noticed Saint Roka
 76974 | Depths:3 | Killed Saint Roka
 77494 | Depths:3 | Noticed Raeg's ghost (veteran DrSk)
 77496 | Depths:3 | Found a transporter.
 77501 | Depths:3 | Found a transporter.
 77700 | Depths:3 | Reached skill level 12 in Maces & Flails
 78441 | Depths:4 | Reached skill level 9 in Armour
 78705 | Depths:4 | Found a one-way gate to the infinite horrors of the Abyss.
 79089 | Depths:4 | Identified a scroll of acquirement
 79142 | Depths:4 | Reached XP level 24. HP: 229/229 MP: 25/36
 79143 | Depths:4 | Reached skill level 9 in Dodging
 79377 | Depths:4 | Learned a level 6 spell: Iron Shot
 79397 | Depths:4 | Reached skill level 1 in Earth Magic
 79456 | Depths:4 | Reached skill level 2 in Earth Magic
 79836 | Depths:4 | Reached skill level 3 in Earth Magic
 80114 | Depths:4 | Reached skill level 4 in Earth Magic
 80164 | Depths:4 | Reached skill level 5 in Earth Magic
 80654 | Depths:4 | Found the +2 ratskin cloak {+Rats rPois rN+ Str-1 Int-1
                  | Dex+1}
 80713 | Depths:4 | Found a gateway to a ziggurat.
 80719 | Depths:4 | Reached skill level 6 in Earth Magic
 81089 | Depths:5 | Entered Level 5 of the Depths
 81363 | Depths:5 | Noticed a caustic shrike
 81364 | Depths:5 | Noticed a caustic shrike
 81365 | Depths:5 | Noticed a caustic shrike
 81367 | Depths:5 | Killed a caustic shrike
 81370 | Depths:5 | Killed a caustic shrike
 81373 | Depths:5 | Killed a caustic shrike
 81559 | Depths:5 | Reached skill level 7 in Earth Magic
 82966 | Depths:5 | Found a runed translucent door.
 83190 | Depths:5 | Found a corrupted altar of Lugonu.
 83562 | Depths:5 | Reached skill level 17 in Fighting
 84107 | Depths:5 | Found a gate to the Realm of Zot.
 84117 | Depths:5 | Identified the +1 scale mail of Hadjma {*Corrode rPois
                  | Str+2 Stlth+} (You acquired it on level 5 of the Depths)
 84425 | Orc:2    | Bought a scroll of enchant armour for 120 gold pieces
 84637 | Snake:3  | Bought the ring "Dicw" {+Inv rF++ rN+ Str-5 Stlth+} for 788
                  | gold pieces
 84850 | Orc:2    | Bought a scroll of holy word for 105 gold pieces
 85025 | Slime:1  | Entered Level 1 of the Pits of Slime
 85206 | Slime:1  | Reached XP level 25. HP: 234/241 MP: 35/36
 85893 | Slime:3  | Reached skill level 18 in Conjurations
 86695 | Slime:5  | Entered Level 5 of the Pits of Slime
 86795 | Slime:4  | Reached skill level 18 in Fighting
 87390 | Slime:5  | Found a viscous altar of Jiyva.
 87411 | Slime:5  | Noticed the Royal Jelly
 88059 | Slime:5  | Killed the Royal Jelly
 88120 | Slime:5  | Got a slimy rune of Zot
 88128 | Slime:5  | Got a bloodstained plate armour
 88150 | Slime:5  | Got a crude war axe
 88151 | Slime:5  | Identified the cursed +3 war axe of Starshine {speed,
                  | Dex+3} (You found it on level 5 of the Pits of Slime)
 88173 | Slime:5  | Identified the Reference Book on Toxins and the Entourage
 88211 | Slime:5  | Got a pitted triple crossbow
 88796 | Zot:1    | Entered Level 1 of the Realm of Zot
 88983 | Depths:5 | Learned a level 2 spell: Passwall
 88987 | Depths:5 | Learned a level 3 spell: Ozocubu's Armour
 88994 | Zot:1    | Reached skill level 19 in Conjurations
 89728 | Zot:1    | Reached XP level 26. HP: 222/255 MP: 26/36
 90019 | Zot:1    | Reached skill level 19 in Fighting
 90588 | Zot:1    | Noticed an orb of fire
 90599 | Zot:1    | Gained mutation: You are partially covered in large bone
                  | plates. (SH +4) [an orb of fire]
 90601 | Zot:1    | Killed an orb of fire
 91459 | Zot:2    | Got a crude platinum ring
 91460 | Zot:2    | Identified the ring of Arutza Yvav {rF+ rC+ MR- Str+9
                  | Int-3} (You acquired it on level 2 of the Realm of Zot)
 91779 | Zot:2    | Noticed an orb of fire
 91780 | Zot:2    | Gained mutation: You have a somewhat thin skeletal
                  | structure. (Dex +2, Stealth) [an orb of fire]
 91784 | Zot:2    | Killed an orb of fire
 91784 | Zot:2    | Reached skill level 20 in Conjurations
 92373 | Zot:2    | Reached skill level 20 in Fighting
 94734 | Zot:3    | Found a large runed translucent door.
 94734 | Zot:3    | Found a large runed translucent door.
 94736 | Zot:3    | Noticed Sebriys's ghost (legendary TrBe)
 95061 | Zot:5    | Entered Level 5 of the Realm of Zot
 95270 | Zot:4    | Reached skill level 21 in Fighting
 95275 | Zot:4    | Reached XP level 27. HP: 273/273 MP: 3/36
 96178 | Zot:5    | Noticed an orb of fire
 96185 | Zot:5    | Killed an orb of fire
 96605 | Zot:5    | Noticed an ancient lich
 96611 | Zot:5    | Killed an ancient lich
 96611 | Zot:5    | Reached skill level 22 in Fighting
 96881 | Zot:5    | Noticed an ancient lich
 96882 | Zot:5    | Noticed an ancient lich
 96899 | Zot:5    | Killed an ancient lich
 96910 | Zot:5    | Killed an ancient lich
 96941 | Zot:5    | Noticed an ancient lich
 96944 | Zot:5    | Killed an ancient lich
 96952 | Zot:5    | Noticed an ancient lich
 96964 | Zot:5    | Killed an ancient lich
 97141 | Zot:5    | Noticed an orb of fire
 97144 | Zot:5    | Gained mutation: Your body sometimes deteriorates upon
                  | taking damage. [an orb of fire]
 97151 | Zot:5    | Killed an orb of fire
 97236 | Zot:5    | Reached skill level 23 in Fighting
 98390 | Zot:5    | Noticed an ancient lich
 98401 | Zot:5    | Killed an ancient lich
 99083 | Zot:5    | Got the Orb of Zot
 99108 | Zot:4    | Reached skill level 24 in Fighting
 99856 | D:$      | Escaped with the Orb!

Levels and vault maps discovered:
D:1:      lemuel_arrival_funnel, layout_rooms, grunt_decor_clamped
D:2:      layout_rooms
D:3:      layout_loops_ring, minmay_close_crescents, uniq_sigmund, uniq_ijyb,
          uniq_jessica
D:4:      layout_basic, amethyst_overflow_temple_binary,
          gammafunk_ghost_cemetery, uniq_duvessa
D:5:      cheibrodos_barr_body, layout_basic, first_ration, serial_shops,
          nicolae_shop_trees, grunt_ministairs_3, wad_floor_pattern_untrapped,
          doesnt_xom_only_xom, uniq_pikel
D:6:      layout_gridville, kennysheep_little_box, serial_shops, shop,
          grunt_qazlal_sundering
D:7:      layout_layer_cave, temple_pool_b, grunt_livestock,
          kennysheep_decorative_pillar, chequers_serial_rivers_small_b,
          trog_ov_bears_minmay, uniq_joseph, uniq_menkaure
D:8:      layout_cave_pools, basic_altar, serial_co_window_serial,
          co_window_corner_a, co_window_paths_a, co_window_corner_a,
          co_window_of_opportunity_a, co_window_paths_b, co_window_2corner,
          co_window_broadway_a, co_window_broadway_b, co_window_corner_cb,
          co_window_corner_b, co_window_of_opportunity_b, glass_columns_b,
          glass_columns_b, glass_columns_b, uniq_grum
D:9:      layout_big_octagon, grunt_gozag_statues, uniq_psyche
D:10:     layout_basic, lair_entry_dummy, kennysheep_just_a_vault
D:11:     layout_basic, orc_0_dummy, ebering_ghost_inner_flame, uniq_urug
D:12:     layout_layer_cave, uniq_rupert, uniq_jorgrun
D:13:     layout_layer_cave, nicolae_two_hexagons
D:14:     layout_loops_ring, david_vaults_5, kennysheep_nub,
          minmay_misc_feat_pillars, minmay_misc_feat_more_columns
D:15:     grunt_enter_depths_snipers, layout_irregular_city,
          nicolae_ru_the_path_less_chosen, minmay_the_grid_2x2
          [minmay_the_grid_diamond_grid, minmay_the_grid_expand,
          minmay_the_grid_outer_diamond, minmay_the_grid_prize_diamond_cup]
Temple:   hc_temple_tempest_star
Lair:1:   layout_roguey
Lair:2:   layout_regular_city, tgw_fedhas, grunt_megastairs_2
Lair:3:   layout_roguey, skrybe_swamp_entry_bodies, dummy_snake_entry
Lair:4:   layout_loops_ring, gammafunk_ghost_berserking_beasts, minivault_29,
          grunt_megastairs_4
Lair:5:   wad_woods_minihive, layout_long_grid, dpeg_slime_entry_enclosed_altar,
          lemuel_fruit_tree
Lair:6:   gammafunk_lair_ancient_temple, layout_gridlike, minivault_26
Swamp:1:  layout_basic_swamp, nicolae_swamp_dense_foliage,
          infiniplex_staircase_pool_2
Swamp:2:  layout_falls_marsh, serial_swamp_ruin, evilmike_swamp_ruin_wall,
          evilmike_swamp_ruin_rubble_1
Swamp:3:  layout_basic_swamp, evilmike_swamp_ruin_house_1
Swamp:4:  swamp, layout_basic_swamp, swamp_pool1,
          nicolae_swamp_feature_on_the_river_bank
Snake:1:  layout_cave_pods
Snake:2:  layout_chambers, st_stairs_8, uniq_vashnia
Snake:3:  layout_basic, nicolae_snake_double_loop, lemuel_oklob_altar,
          grunt_megastairs_3, minmay_shop_grove
Snake:4:  minmay_snake_end_coiled, layout_basic, basic_altar
Slime:1:  layout_caves
Slime:2:  layout_caves
Slime:3:  layout_caves, nicolae_slime_round_cave
Slime:4:  layout_caves
Slime:5
Orc:1:    layout_caves, serial_shops, nicolae_shop_stone
Orc:2:    st_orc_ogre_mass, layout_caves, gauntlet_entry_generic,
          guppyfry_orc_lava_fort
Elf:1:    layout_loops_corners, evilmike_minifort, chequers_big_river,
          nicolae_elf_stone_circles, einodemon_crawler_minivault
Elf:2:    layout_loops_ring
Elf:3:    elf_hall, layout_gridlike
Vaults:1: v_misc_5, ontoclasm_vaults_ligature, v_misc_2,
          grunt_vaults_hallway_short, nicolae_vaults_little_ls,
          vaults_mumra_bighexcomb, vaults_mumra_chevron, hangedman_vaults_snaps,
          hangedman_vaults_pinch, nicolae_vaults_windows_and_doors_thing,
          nicolae_vaults_three_branches, grunt_vaults_diagonal,
          layout_vaults_omnibox
Vaults:2: gammafunk_vaults_ghost_fury_of_okawaru, grunt_vaults_funnel,
          st_greater_box_4, vaults_room_hallway, vaults_room_stairs_pillars,
          nicolae_vaults_what_the_h, nicolae_vaults_network_periphery,
          minmay_crypt_entry_simple_sparse, v_rooms_6, v_misc_5,
          vaults_room_octagon, vaults_room_door_ring, v_misc_33,
          layout_vaults_maze_bifur, serial_shops, shop,
          nicolae_shop_competitors_out_of_business, nicolae_shop_behind_doors,
          uniq_mara
Vaults:3: hangedman_vaults_hard_town_square, hangedman_vaults_slice,
          nicolae_vaults_little_squares_2, v_misc_27, v_rooms_3,
          vaults_room_fours, hangedman_vaults_locks, vaults_dpeg_hooks,
          vaults_mumra_lcd, v_misc_23, layout_vaults_big_cross, serial_shops,
          bzr_entry_customers
Vaults:4: vaults_mumra_minichess_inversion, v_misc_22,
          nicolae_vaults_network_quincunx
          [nicolae_vaults_network_quincunx_subvault,
          nicolae_vaults_network_quincunx_subvault,
          nicolae_vaults_network_quincunx_subvault,
          nicolae_vaults_network_quincunx_subvault,
          nicolae_vaults_network_quincunx_subvault], v_pattern_1,
          vaults_room_large_hall, nicolae_vaults_specimen_jars,
          ontoclasm_vaults_twist, layout_vaults_omnigrid, serial_shops, shop
Depths:1: layout_gridlike, pan_entry, nicolae_wwwww, hangedman_geh_valley,
          nicolae_twisting_strands, lightli_fourway_metalbox
Depths:2: grunt_deathspiral_small, layout_basic, minivault_14, hell_entry,
          tso_altar, uniq_sojobo
Depths:3: minmay_ornate_pinched, layout_gridlike, grunt_metal_band, pan_entry,
          gammafunk_ghost_arena, serial_shops, shop,
          serial_sigils_hangedman_clutch, minmay_three_doors, uniq_saint_roka,
          uniq_enchantress
Depths:4: minmay_polygon_palace, layout_basic, enter_ziggurat_a, abyss_entry,
          minmay_misc_feat_square, hell_entry
Depths:5: evilmike_zot_entry_gauntlet, layout_cave_pools,
          kennysheep_flooded_box, hell_entry, abyss_entry_flame_altar,
          drop_trap, lightli_giant_bouncers
Zot:1:    layout_misc_corridors, nzn_random_ring
Zot:2:    layout_concentric_octagons
Zot:3:    layout_cathedral_of_symmetry, ebering_ghost_disaster_area,
          grunt_megastairs_1
Zot:4:    layout_basic, hangedman_swamp_dais
Zot:5:    layout_gridlike

Skill      XL: |  1  2  3  4  5  6  7  8  9 10 11 12 13 14 15 16 17 18 19 20 21 22 23 24 25 26 27 |
---------------+----------------------------------------------------------------------------------+-----
Stealth        | 2 3 4 5 6 5 0 |  0.0
Conjurations   | 1 2 3 4 5 7 8 9 10 11 12 12 13 14 16 17 19 20 | 20.0
Spellcasting   | 2 3 4 5 6 7 9 8 9 10 12 13 | 13.0
Poison Magic   | 2 3 4 5 4 5 |  5.0
Air Magic      | 1 2 6 5 6 |  6.0
Fire Magic     | 4 5 6 8 9 8 9 |  9.0
Fighting       | 2 4 6 7 8 8 9 10 11 14 16 17 18 21 24 | 24.4
Maces & Flails | 3 4 6 7 9 12 | 12.0
Dodging        | 3 6 5 7 8 9 |  9.2
Shields        | 2 5 10 11 12 14 15 | 15.0
Charms         | 5 5 |  5.0
Ice Magic      | 2 2 |  2.0
Earth Magic    | 0 7 |  7.0
Armour         | 1 5 6 7 8 9 |  9.2
Translocations | 2 3 4 5 |  5.0
Transmutations | 4 |  4.0

Action                   |  1- 3 |  4- 6 |  7- 9 | 10-12 | 13-15 | 16-18 | 19-21 | 22-24 | 25-27 || total
-------------------------+-------+-------+-------+-------+-------+-------+-------+-------+-------++-------
Melee: Club              |    28 |    33 |     9 |       |       |       |       |       |       ||    70
       Unarmed           |       |     4 |       |       |       |       |       |       |       ||     4
       Whip              |       |       |   115 |   255 |   299 |   186 |   208 |    91 |       ||  1154
       Constrict         |       |       |       |       |    73 |    27 |    39 |    31 |    31 ||   201
       Staff             |       |       |       |       |       |       |    10 |     2 |     2 ||    14
       Demon whip        |       |       |       |       |       |       |       |   166 |   382 ||   548
 Fire: Hunting sling     |       |    35 |    29 |       |       |       |       |       |       ||    64
Throw: Stone             |    23 |    19 |     1 |       |       |       |       |       |       ||    43
       Dart              |       |       |       |       |       |       |    17 |     5 |     4 ||    26
       Throwing net      |       |       |       |       |       |       |     1 |       |     1 ||     2
 Cast: Flame Tongue      |    18 |    46 |    93 |   151 |   424 |   575 |   234 |   217 |       ||  1758
       Conjure Flame     |       |     2 |     4 |    17 |    31 |    14 |       |       |       ||    68
       Mephitic Cloud    |       |     5 |    11 |    11 |    48 |    12 |    50 |    15 |       ||   152
       Sticky Flame      |       |       |     5 |    38 |    83 |    74 |    41 |       |       ||   241
       Fireball          |       |       |     2 |    40 |    68 |   167 |   143 |   176 |   150 ||   746
       Swiftness         |       |       |       |     1 |     4 |     8 |     7 |     1 |     1 ||    22
       Lightning Bolt    |       |       |       |     5 |    54 |   100 |   154 |   174 |    79 ||   566
       Ozocubu's Armour  |       |       |       |       |    11 |       |     1 |       |     1 ||    13
       Iskenderun's Batt |       |       |       |       |    58 |   129 |    62 |    42 |       ||   291
       Blink             |       |       |       |       |       |     2 |    19 |     6 |    10 ||    37
       Fulminant Prism   |       |       |       |       |       |       |    15 |     1 |     8 ||    24
       Orb of Destructio |       |       |       |       |       |       |    43 |    78 |    64 ||   185
       Irradiate         |       |       |       |       |       |       |    20 |    48 |    42 ||   110
       Passage of Golubr |       |       |       |       |       |       |     1 |     3 |     2 ||     6
       Iron Shot         |       |       |       |       |       |       |       |    13 |   161 ||   174
       Apportation       |       |       |       |       |       |       |       |       |     4 ||     4
       Passwall          |       |       |       |       |       |       |       |       |     1 ||     1
Invok: Sacrifice Artific |       |       |       |     1 |       |       |       |       |       ||     1
       Reject Sacrifices |       |       |       |     1 |       |       |       |       |       ||     1
       Sacrifice Essence |       |       |       |       |     2 |       |       |       |       ||     2
       Apocalypse        |       |       |       |       |     3 |     6 |     3 |     5 |     3 ||    20
       Draw Out Power    |       |       |       |       |     3 |     5 |    14 |     1 |     4 ||    27
       Sacrifice Love    |       |       |       |       |     1 |       |       |       |       ||     1
       Sacrifice Skill   |       |       |       |       |     1 |       |       |       |       ||     1
       Power Leap        |       |       |       |       |     1 |     6 |       |     2 |       ||     9
       Sacrifice Stealth |       |       |       |       |     1 |       |       |       |       ||     1
 Abil: Spit Poison       |    43 |    42 |    51 |    85 |    97 |     9 |     9 |    21 |    19 ||   376
Evoke: Wand              |       |     6 |     1 |     1 |       |       |       |       |       ||     8
  Use: Scroll            |     3 |     6 |     7 |    13 |    12 |    17 |    17 |    18 |    31 ||   124
       Potion            |       |     3 |       |     7 |     6 |     8 |     9 |     3 |    31 ||    67
 Stab: Sleeping          |       |     1 |     1 |       |       |       |       |       |       ||     2
       Paralysed         |       |     6 |       |       |     5 |     8 |     2 |     4 |     1 ||    26
       Confused          |       |       |     3 |     1 |     7 |     2 |     9 |     6 |       ||    28
       Distracted        |       |       |       |     2 |     2 |       |     1 |       |     3 ||     8
       Invisible         |       |       |       |       |     2 |     1 |       |     1 |     8 ||    12
  Eat: Chunk             |     4 |     8 |    16 |    35 |    51 |    35 |    60 |    58 |    23 ||   290
       Ration            |       |     1 |       |     5 |    10 |    24 |     7 |    12 |    19 ||    78
Armor: Robe              |    11 |    30 |    72 |   113 |   108 |       |       |       |    43 ||   377
       Skin              |       |     2 |       |       |       |       |       |       |     1 ||     3
       Quicksilver drago |       |       |       |       |    50 |   122 |       |       |       ||   172
       Leather armour    |       |       |       |       |       |    85 |    60 |    41 |       ||   186
       Acid dragon scale |       |       |       |       |       |       |       |    71 |    30 ||   101
Dodge: Dodged            |    30 |    52 |    66 |   151 |   240 |   191 |    65 |   111 |   106 ||  1012
       Deflected         |       |       |       |       |     2 |     4 |    11 |    18 |     7 ||    42
Block: Buckler           |       |       |       |    28 |    86 |    23 |       |       |       ||   137
       Shield            |       |       |       |       |       |   124 |       |       |       ||   124
       Large shield      |       |       |       |       |       |   255 |   338 |   313 |   258 ||  1164
